 Dungeon Crawl Stone Soup version 0.23.2-40-g277498a001 (webtiles) character file.

Game seed: 4054161299945297629

156 BinkBink the Poker (level 5, 0/39 HPs)
             Began as a Demonspawn Gladiator on Aug 18, 2019.
             Was a Follower of Trog.
             Slain by an adder (3 damage)
             ... on level 3 of the Dungeon.
             The game lasted 00:04:56 (2646 turns).

BinkBink the Poker (Demonspawn Gladiator)           Turns: 2646, Time: 00:04:56

Health: 0/39       AC:  3    Str: 14    XL:     5   Next: 15%
Magic:  5/5        EV: 13    Int:  9    God:    Trog [*.....]
Gold:   67         SH:  0    Dex: 16    Spells: 4/4 levels left

rFire    . . .     SeeInvis +   e - +3 short sword
rCold    + . .     Gourm    .   (no shield)
rNeg     . . .     Faith    .   b - +0 leather armour
rPois    .         Spirit   .   (helmet restricted)
rElec    .         Reflect  .   (no cloak)
rCorr    .         Harm     .   (no gloves)
MR       .....                  (no boots)
Stlth    +.........             (no amulet)
HPRegen  0.13/turn              g - ring of see invisible
MPRegen  0.09/turn              (no ring)

@: drained
A: claws 1, horns 1, cold resistance 1
a: Berserk, Renounce Religion


You were on level 3 of the Dungeon.
You worshipped Trog.
Trog was aware of your devotion.
You were not hungry.

You visited 1 branch of the dungeon, and saw 3 of its levels.

You collected 67 gold pieces.

Inventory:

Hand Weapons
 a - a +0 trident
 e - a +3 short sword (weapon)
 i - a +0 dagger
Missiles
 d - 3 throwing nets (quivered)
Armour
 b - a +0 leather armour (worn)
 c - a +0 helmet
Jewellery
 g - a ring of see invisible (left claw)
Scrolls
 h - a scroll of identify {unknown}
Comestibles
 f - a ration


   Skills:
 + Level 2.7(2.1) Fighting
 + Level 1.1(0.6) Short Blades
 + Level 3.6(2.9) Polearms
 + Level 1.8(1.2) Throwing
 + Level 2.0(1.4) Armour
 + Level 3.2(2.6) Dodging
 + Level 0.4(0.0) Stealth


You had 4 spell levels left.
You didn't know any spells.
Your spell library was empty.

Dungeon Overview and Level Annotations

Branches:
Dungeon (3/15)

Altars:
Kikubaaqudgha
Okawaru
Trog


Innate Abilities, Weirdness & Mutations

You have sharp fingernails.
You have a pair of small horns on your head.
Your flesh is cold resistant. (rC+)


Message History

You hit the orc.
The orc is severely wounded.
The orc misses you.
You barely miss the orc.
The orc is severely wounded.
The orc hits you with a +0 hand axe.
* * * LOW HITPOINT WARNING * * *
You barely miss the orc.
The orc is severely wounded.
You feel sick. The orc hits you but does no damage.
You aren't carrying any potions.
You feel sick.
You are no longer poisoned.
You puncture the orc!
You kill the orc!
Trog accepts your kill. The adder bites you.
* * * LOW HITPOINT WARNING * * *
The adder bites you.
You die...

######..##.o...#
#...oo..####.####. #
#.#####...........
##.#.##.########.##...##
.......o................
##..###o.#######.#.#####
# #..# #.#.#
#S÷#######.# #
##+##@.#.......#
#.........#############
#.........#...........#
#...........##..#######
#........#####........#
#........#(..#.########
#........#.#.#.###
#........#.#.#...####..
#........'.#.#.........


You could see an adder and 2 orcs.

Vanquished Creatures
  A big kobold (D:2)
  3 adders
  A worm (D:2)
  A dart slug (D:1)
  3 leopard geckos
  3 orcs (D:3)
  3 giant cockroaches
  2 goblins (D:2)
  3 hobgoblins (D:1)
  5 jackals
  8 kobolds
  2 quokkas (D:2)
  8 bats
  2 frilled lizards
  9 rats
54 creatures vanquished.

Notes
Turn   | Place    | Note
-------+----------+-------------------------------------------
     0 | D:1      | BinkBink the Demonspawn Gladiator began the quest for the
                  | Orb.
     0 | D:1      | Reached XP level 1. HP: 16/16 MP: 1/1
   293 | D:1      | Gained mutation: You have a pair of small horns on your
                  | head. [demonic ancestry]
   293 | D:1      | Reached XP level 2. HP: 16/22 MP: 2/2
  1124 | D:2      | Found an ancient bone altar of Kikubaaqudgha.
  1125 | D:2      | Found a bloodstained altar of Trog.
  1132 | D:2      | Gained mutation: You have sharp fingernails. [demonic
                  | ancestry]
  1132 | D:2      | Reached XP level 3. HP: 27/27 MP: 3/3
  1145 | D:2      | Became a worshipper of Trog the Wrathful
  1291 | D:2      | Noticed a big kobold
  1538 | D:2      | Killed a big kobold
  1538 | D:2      | Reached skill level 1 in Armour
  1538 | D:2      | Reached XP level 4. HP: 8/34 MP: 4/4
  2224 | D:2      | Reached skill level 1 in Short Blades
  2266 | D:2      | Reached * piety under Trog
  2286 | D:2      | Gained mutation: Your flesh is cold resistant. (rC+)
                  | [demonic ancestry]
  2286 | D:2      | Reached XP level 5. HP: 38/39 MP: 5/5
  2614 | D:3      | Found an iron altar of Okawaru.
  2646 | D:3      | Slain by an adder

Skill      XL: |  1  2  3  4  5 |
---------------+----------------+-----
Polearms       | 3 |  3.6
Dodging        | 3 |  3.2
Armour         | 1 2 |  2.0
Short Blades   | 1 |  1.1
Fighting       | |  2.7
Throwing       | |  1.8
Stealth        | |  0.4

Action                   |  1- 3 |  4- 6 || total
-------------------------+-------+-------++-------
Melee: Trident           |    55 |    21 ||    76
       Dagger            |    72 |    33 ||   105
       Headbutt          |    18 |    12 ||    30
       Short sword       |       |    36 ||    36
  Use: Scroll            |     1 |     1 ||     2
       Potion            |       |     3 ||     3
 Stab: Sleeping          |     3 |     2 ||     5
  Eat: Chunk             |     1 |     1 ||     2
       Ration            |       |     1 ||     1
Armor: Leather armour    |    25 |    17 ||    42
Dodge: Dodged            |   111 |    76 ||   187
